 Dungeon Crawl Stone Soup version 0.18-a0-1797-gc18daef (webtiles) character file.

686 4thArraOfDagon the Martial Artist (level 7, -1/64 HPs)
             Began as a White Draconian Ice Elementalist on Apr 22, 2016.
             Slain by Sagrath01's ghost (18 damage)
             ... on level 7 of the Dungeon.
             The game lasted 00:08:17 (1657 turns).

4thArraOfDagon the Martial Artist (DrIE)            Turns: 1657, Time: 00:08:18

Health: -1/64      AC:  6    Str: 10    XL:     7   Next: 35%
Magic:  9/10       EV: 15    Int: 15    God:
Gold:   222        SH:  0    Dex: 14    Spells: 2 memorised, 6 levels left

rFire  . . .     SeeInvis .       - Unarmed
rCold  + . .     Gourm    .     (armour unavailable)
rNeg   . . .     Faith    .     (no shield)
rPois  .         Spirit   .     (helmet restricted)
rElec  .         Dismiss  .     (no cloak)
rCorr  .         Reflect  .     (no gloves)
SustAt .         Harm     .     (no boots)
MR     .....                    k - amulet of magic regeneration
Stlth  ++........               (no ring)
                                (no ring)

@: very slightly contaminated, not resistant to hostile enchantments, unstealthy
A: breathe frost, unfitting armour, cold resistance 1, cold-blooded, AC +6
a: Breathe Frost


You were on level 7 of the Dungeon.
You were very hungry.

You visited 1 branch of the dungeon, and saw 7 of its levels.
You also visited: Ossuary.

You collected 222 gold pieces.

Inventory:

Jewellery
 k - an amulet of magic regeneration (around neck)
Wands
 m - a wand of heal wounds (1/9)
Scrolls
 c - 2 scrolls of magic mapping {unknown}
 e - a scroll of fog {unknown}
 i - a scroll of immolation {unknown}
 l - 3 scrolls of recharging {unknown}
 o - 3 scrolls of noise {unknown}
 s - 2 scrolls of enchant weapon {unknown}
 u - a scroll of remove curse {unknown}
Potions
 d - 2 potions of heal wounds
 h - 2 potions of haste
 q - 2 potions of curing
 r - 3 potions of flight
 t - 3 potions of agility
 v - 2 potions of lignification
Books
 a - a book of Frost

   Spells                             Type                      Level
   a - Freeze                         Ice                          1
   b - Throw Frost                    Conjuration/Ice              2
   c - Ozocubu's Armour               Charms/Ice                   3
   d - Throw Icicle                   Conjuration/Ice              4
   e - Summon Ice Beast               Ice/Summoning                4
 j - a book of Party Tricks

   Spells                             Type                      Level
   a - Summon Butterflies             Summoning                    1
   b - Apportation                    Translocation                1
   c - Tukima's Dance                 Hexes                        3
   d - Alistair's Intoxication        Transmutation/Poison         5
   e - Invisibility                   Hexes                        6
Comestibles
 b - 3 bread rations
 f - 4 fruits
 g - a meat ration
 n - a beef jerky
 p - a royal jelly


   Skills:
 + Level 6.8 Fighting
 + Level 6.0 Dodging
 - Level 1.7 Stealth
 - Level 10.1 Unarmed Combat
 - Level 2.0 Spellcasting
   Level 1.0 Conjurations
 - Level 3.6 Ice Magic


You had 6 spell levels left.
You knew the following spells:

 Your Spells              Type           Power        Failure   Level  Hunger
a - Freeze                Ice            ##..         6%          1    #......
b - Ozocubu's Armour      Chrm/Ice       #.......     34%         3    ###....


Dungeon Overview and Level Annotations

Branches:
Dungeon (7/15)
 Temple: D:4-7

Altars:

Annotations:
D:7 Sagrath01's ghost, novice OgBe


Innate Abilities, Weirdness & Mutations

You can breathe waves of freezing cold.
You can buffet flying creatures when you breathe cold.
Your icy white scales are hard (AC +6).
Your body does not fit into most forms of armour.
Your flesh is cold resistant.
You are cold-blooded and may be slowed by cold attacks.


Message History

You freeze the crimson imp.
The crimson imp is frozen!
You kill the crimson imp!
Casting: Freeze
Confirm with . or Enter, or press ? or * to list all spells.
You can't see any susceptible monsters within range! (Use Z to cast anyway.) Unknown command.
Sagrath01's ghost turns its malevolent gaze towards you.
Unknown command.
A scorpion comes into view.
The scorpion moves out of view.
Unknown command.
Unknown command.
Sagrath01's ghost hits you!!!
Ouch! That really hurt!
* * * LOW HITPOINT WARNING * * *
Unknown command.
Unknown command.
Unknown command.
Sagrath01's ghost hits you!!
You die...

#. #. #. ##
#.## #.#
#.###.# ##s#.#
#.###..#
#....W.##
#####@..####..
#.......'..
##...####..
##.## #.# .W.
#.# ... #.#
#'#### #.#
#.... #.# #..#


You could see a scorpion and Sagrath01's ghost.

Vanquished Creatures
  2 crimson imps (D:7)
  2 human zombies (Ossuary)
  A hound (D:5)
  A centaur zombie (Ossuary)
  A jelly (D:5)
  A giant frog skeleton (D:5)
  Jessica (D:2)
  2 iguanas
  An orc wizard (D:3)
  A worker ant (D:5)
  A big kobold zombie (Ossuary)
  2 mummies (Ossuary)
  An adder (D:2)
  4 adder zombies
  A dart slug (D:1)
  A giant gecko (D:1)
  3 orcs
  4 bats
  A giant cockroach (D:5)
  6 hobgoblins
  10 jackals
  2 quokkas (D:2)
  2 giant newts
  5 goblins
  A goblin zombie (Ossuary)
  13 hobgoblin zombies (Ossuary)
  7 kobolds
  6 kobold zombies (Ossuary)
  6 orc zombies (Ossuary)
  6 rats
  3 rat zombies (Ossuary)
98 creatures vanquished.

Notes
Turn   | Place    | Note
--------------------------------------------------------------
     0 | D:1      | 4thArraOfDagon the Draconian Ice Elementalist began the quest for the Orb.
     0 | D:1      | Reached XP level 1. HP: 14/14 MP: 3/3
    21 | D:1      | Reached skill level 1 in Unarmed Combat
   109 | D:1      | Reached XP level 2. HP: 16/20 MP: 0/5
   207 | D:2      | Reached skill level 2 in Unarmed Combat
   286 | D:1      | Reached XP level 3. HP: 12/26 MP: 1/6
   398 | D:2      | Noticed Jessica
   405 | D:2      | Reached skill level 3 in Unarmed Combat
   493 | D:2      | Killed Jessica
   493 | D:2      | Reached XP level 4. HP: 26/33 MP: 3/7
   798 | D:3      | Reached skill level 4 in Unarmed Combat
   933 | D:5      | Entered Level 5 of the Dungeon
   941 | D:5      | Reached XP level 5. HP: 36/38 MP: 1/8
   986 | D:5      | Reached skill level 5 in Unarmed Combat
  1087 | D:5      | Reached skill level 5 in Dodging
  1087 | D:5      | Reached skill level 9 in Unarmed Combat
  1087 | D:5      | Reached XP level 6. HP: 58/58 MP: 9/9
  1127 | D:5      | Learned a level 3 spell: Ozocubu's Armour
  1256 | D:7      | Reached skill level 10 in Unarmed Combat
  1288 | D:7      | Found a sand-covered staircase.
  1298 | Ossuary  | Entered an ossuary
  1386 | Ossuary  | Your scales start taking on an icy white colour.
  1386 | Ossuary  | Reached XP level 7. HP: 50/64 MP: 10/10
  1386 | Ossuary  | Gained mutation: Your flesh is cold resistant. [White Draconian growth]
  1613 | D:7      | Noticed Sagrath01's ghost (novice OgBe)
  1657 | D:7      | Slain by Sagrath01's ghost

Vault maps used:
D:1:      dpeg_arrival_simpleton_c, supply_closet_lemuel
D:2:      minmay_misc_feat_enclosed, cheibrodos_gnoll_hut, uniq_jessica
D:5:      marbit_many_paths, first_bread
D:6:      temple_fountains
D:7:      nicolae_ossuary_entry_monument
Ossuary:  ossuary_tomb_1

Skill      XL: |  1  2  3  4  5  6  7 |
---------------+----------------------+-----
Unarmed Combat | 1 2 3 4 9 10 | 10.1
Fighting       | 6 |  6.8
Dodging        | 5 6 |  6.0
Stealth        | |  1.7
Spellcasting   | |  2.0
Conjurations   | |  1.0
Ice Magic      | |  3.6

Action                   |  1- 3 |  4- 6 |  7- 9 || total
-------------------------+-------+-------+-------++-------
Melee: Unarmed           |    53 |   115 |    70 ||   238
       Tailslap          |     3 |     9 |     7 ||    19
       Punch             |       |     2 |     2 ||     4
 Cast: Freeze            |    34 |    41 |     7 ||    82
 Abil: Breathe Frost     |       |       |     2 ||     2
  Use: Potion            |     1 |     2 |       ||     3
       Scroll            |       |     5 |     1 ||     6
 Stab: Sleeping          |     1 |     1 |       ||     2
  Eat: Chunk             |       |     3 |       ||     3
       Fruit             |       |       |     1 ||     1
Armor: Skin              |    26 |    28 |    21 ||    75
Dodge: Dodged            |    44 |    82 |    51 ||   177
